 Dungeon Crawl Stone Soup version 0.15.0-34-g666c3a1 (webtiles) character file.

462 MackTheKnife the Covert (level 7, -10/34 HPs)
             Began as a Vine Stalker Assassin on Sept 14, 2014.
             Was an Initiate of Dithmenos.
             Killed by divine providence
             ... invoked by an orc priest
              (14 damage)
             ... on Level 4 of the Dungeon.
             The game lasted 00:07:42 (3143 turns).

MackTheKnife the Covert (Vine Stalker Assassin)     Turns: 3143, Time: 00:07:42

HP -10/34        AC  5     Str 14      XL: 7   Next:  7%
MP   0/9         EV 10     Int 13      God: Dithmenos [......]
Gold 115         SH  0     Dex 15      Spells:  0 memorised,  6 levels left

rFire  . . .     SeeInvis .     a - +2 dagger
rCold  . . .     Clarity  .     i - +0 leather armour
rNeg   . . .     rCorr    .     (no shield)
rPois  .         rRot     +     (no helmet)
rElec  .         Spirit   +     d - +0 cloak
SustAb .         Warding  .     m - +0 pair of gloves
rMut   .         Stasis   .     (no boots)
Gourm  .                        (no amulet)
MR     .....                    (no ring)
                                (no ring)

@: not resistant to hostile enchantments, stealthy
A: fangs 2, regeneration 2, magic shield, antimagic bite, no device heal 3, rot
immunity
a: Renounce Religion


You were on level 4 of the Dungeon.
You worshipped Dithmenos.
Dithmenos was noncommittal.
You were not hungry.

You visited 2 branches of the dungeon, and saw 5 of its levels.

You collected 180 gold pieces.
You spent 65 gold pieces at shops.


Innate Abilities, Weirdness & Mutations

You have extremely sharp teeth.
You heal very quickly.
When hurt, damage is shared between your health and your magic reserves.
Your bite disrupts and absorbs the magic of your enemies.
Potions and wands cannot restore your health.
You are immune to rotting.


   Skills:
 - Level 1.7 Fighting
 + Level 3.8 Short Blades
 - Level 1.7 Throwing
 - Level 0.7 Dodging
 + Level 9.2 Stealth


You had 6 spell levels left.
You didn't know any spells.

Inventory:

Hand weapons
 a - a +2 dagger (weapon)
 b - a +0 blowgun
Missiles
 e - 8 poisoned needles
 f - 7 curare-tipped needles
 n - 48 stones (quivered)
Armour
 d - a +0 cloak (worn)
 i - a +0 leather armour (worn)
 m - a +0 pair of gloves (worn)
Comestibles
 g - 3 bread rations
 h - 3 meat rations
Scrolls
 c - a scroll of identify
 j - a scroll of fear {unknown}
 k - 3 scrolls of enchant armour {unknown}
 l - a scroll of fog {unknown}
 o - a scroll of immolation {unknown}
 r - 2 scrolls of remove curse
 v - a scroll of teleportation {unknown}
Potions
 p - 2 potions of agility
 q - a potion of lignification {!q}
 s - a potion of invisibility {unknown}
 t - a potion of restore abilities {unknown}

▒▒·············▒▒▒
▒▒(··▒▒▒▒▒▒·······▒▒▒▒▒▒▒
▒···▒ ▒▒▒···········▒
▒··· ▒········[··▒▒ ▒··>▒
▒·(·········)▒ ▒····▒▒▒▒▒
▒···▒▒▒▒▒▒▒▒·▒
▒···o·o··▒▒▒▒···▒ ▒··
▒▒···▒··os·▒▒···▒ ▒▒·
▒▒▒▒▒▒▒▒f·▒▒▒··▒▒▒▒▒▒▒▒▒·
▒▒··▒▒▒··▒▒······· ▒·%▒
▒▒··▒······≈ ▒·▒▒
▒▒······≈≈≈ ▒·▒
▒▒···≈≈≈≈≈ ▒·▒ ▒··≈≈≈≈≈≈
▒▒·▒▒ ▒▒·≈≈≈≈≈≈
▒▒▒▒▒···▒▒▒ ▒·≈≈≈≈≈≈
·········)·▒▒▒▒▒·≈≈≈≈≈≈


You could see an orc priest, an orc wizard, an orc and a giant cockroach.


Message History

You closely miss the orc wizard.
The orc wizard is heavily wounded.
The orc wizard hits you but does no damage.
You hit the orc wizard.
You bite the orc wizard, but do no damage.
The orc wizard is severely wounded.
The orc wizard gestures wildly while chanting.
The orc wizard blinks!
The giant cockroach closely misses you.
You hit the orc priest.
You bite the orc priest, but do no damage.
The orc priest is lightly wounded.
The giant cockroach barely misses you. The orc priest closely misses you.
The orc priest calls down the wrath of Beogh upon you.
Something smites you! The giant cockroach barely misses you.
The orc wizard hits you but does no damage.
The orc priest invokes the aid of Beogh against you.
Something smites you!
* * * LOW HITPOINT WARNING * * *
Read which item? (? for menu, Esc to quit)
Okay, then.
The orc wizard closely misses you.
The orc wizard hits you but does no damage.
The orc priest becomes somewhat translucent.
The orc wizard points at you and mumbles some strange words.
The magic dart hits you!
* * * LOW HITPOINT WARNING * * *
The orc priest invokes the aid of Beogh against you.
Something smites you!
You die...

Action                   |  1- 3 |  4- 6 |  7- 9 || total
-------------------------+-------+-------+-------++-------
Melee: Dagger            |    79 |   191 |    11 ||   281
 Fire: Blowgun           |     4 |    20 |       ||    24
  Use: Scroll            |       |     2 |       ||     2
 Stab: Sleeping          |     5 |     9 |       ||    14
       Distracted        |     1 |       |       ||     1
  Eat: Chunk             |     1 |     6 |       ||     7

Vault maps used:
D:1:      wheals_arrival_linesprint, patterned_corridor
D:2:      minivault_23, nicolae_qazlal_general_emergency
D:3:      first_bread, kennysheep_decorative_pillar, roderic_batcave
D:4:      temple_pool_a, serial_shops, nicolae_shop_window_shopping,
          moated_statue
Temple:   nicolae_temple_great_sept

Notes
Turn   | Place    | Note
--------------------------------------------------------------
     0 | D:1      | MackTheKnife, the Vine Stalker Assassin, began the quest for the Orb.
     0 | D:1      | Reached XP level 1. HP: 11/11 MP: 1/1
   135 | D:1      | Reached skill level 5 in Stealth
   391 | D:1      | Reached XP level 2. HP: 15/15 MP: 3/3
   728 | D:1      | Reached skill level 6 in Stealth
   747 | D:1      | Reached XP level 3. HP: 15/18 MP: 4/4
  1030 | D:2      | Found a stormy altar of Qazlal.
  1167 | D:2      | Reached skill level 7 in Stealth
  1167 | D:2      | Reached XP level 4. HP: 17/23 MP: 3/5
  1669 | D:3      | Reached XP level 5. HP: 23/26 MP: 7/7
  1702 | D:3      | Reached skill level 2 in Short Blades
  1790 | D:3      | Reached skill level 8 in Stealth
  2016 | D:3      | Noticed a centaur
  2019 | D:3      | Killed a centaur
  2019 | D:3      | Gained mutation: You heal very quickly. [vine stalker growth]
  2019 | D:3      | Reached XP level 6. HP: 30/30 MP: 8/8
  2089 | D:3      | Reached skill level 3 in Short Blades
  2520 | D:4      | Found a staircase to the Ecumenical Temple.
  2600 | Temple   | Entered the Ecumenical Temple
  2619 | Temple   | Became a worshipper of Dithmenos the Shadowed
  2783 | D:4      | Found Plam's General Store.
  2792 | D:4      | Bought a scroll of identify for 26 gold pieces
  2792 | D:4      | Bought a scroll of remove curse for 39 gold pieces
  2856 | D:4      | Reached skill level 9 in Stealth
  2983 | D:4      | Reached XP level 7. HP: 19/34 MP: 9/9
  3143 | D:4      | Killed from afar by an orc priest

Vanquished Creatures
  A centaur (D:3)
  A vampire bat (D:3)
  3 hounds (D:4)
  An orc wizard (D:3)
  An iguana (D:3)
  3 gnolls (D:2)
  6 adders
  4 worms
  3 giant geckos
  An ooze (D:1)
  9 orcs (D:3)
  11 bats
  A giant cockroach (D:3)
  10 goblins
  12 hobgoblins
  7 kobolds
  3 quokkas (D:3)
  2 ball pythons (D:1)
  A giant newt (D:2)
  8 rats
88 creatures vanquished.
